 Dungeon Sprint DCSS version 0.29.1-15-g9cfb28693d (webtiles) character file.

Game seed: 4661136279581615984

313 Groucho the Covered (level 6, -1/55 HPs)
             Began as a Barachi Fighter on Mar 4, 2023.
             Was a Follower of Cheibriados.
             Slain by a two-headed ogre
             ... wielding a +0 giant spiked club
              (27 damage)
             ... in the Dungeon (Sprint IX: "|||||||||||||||||||||||||||||").
             The game lasted 00:02:35 (973 turns).

Groucho the Covered (Barachi Fighter)                Turns: 973, Time: 00:02:35

Health: -1/55      AC: 15    Str: 23    XL:     6   Next: 43%
Magic:  5/9        EV: 12    Int: 11    God:    Cheibriados [*.....]
Gold:   0          SH:  6    Dex: 14    Spells: 5/5 levels left

rFire   . . .      SeeInvis .   n - +2 scimitar (flame)
rCold   . . .      Faith    .   c - +0 buckler
rNeg    . . .      Spirit   .   q - +1 scale mail
rPois   .          Reflect  .   (no helmet)
rElec   .          Harm     .   (no cloak)
rCorr   .          Rampage  .   p - +0 pair of gloves
Will    .....      NoTele   +   o - +0 pair of boots
Stlth   ..........              (no amulet)
HPRegen 0.18/turn               b - +2 ring of protection
MPRegen 0.11/turn               r - +2 ring of protection

@: slowed, very slow
A: amphibious, slowness 1, strong legs 1, +LOS
a: Hop, Renounce Religion, Bend Time


You were in the Dungeon.
You worshipped Cheibriados.
Cheibriados was aware of your devotion.
You visited 1 branch

Inventory:

Hand Weapons
 a - a +0 long sword
 n - a +2 scimitar of flaming (weapon)
Armour
 c - a +0 buckler (worn)
 o - a +0 pair of boots (worn)
 p - a +0 pair of gloves (worn)
 q - a +1 scale mail (worn)
Jewellery
 b - a +2 ring of protection (left hand)
 r - a +2 ring of protection (right hand)
Wands
 m - a wand of light (10)
Scrolls
 j - 2 scrolls of blinking
 l - 2 scrolls of amnesia
Potions
 d - a potion of might
 e - a potion of invisibility
 f - 2 potions of heal wounds
 g - a potion of haste
 h - 4 potions of magic
 i - a potion of berserk rage
 k - 4 potions of curing


   Skills:
 + Level 7.3 Fighting
 + Level 6.8 Long Blades
 + Level 7.4 Armour
 + Level 5.6 Dodging
 + Level 6.8 Shields
 * Level 4.4 Invocations


You had 5 spell levels left.
You didn't know any spells.
Your spell library was empty.

Dungeon Overview and Level Annotations

Branches:
Dungeon (1/1)

Altars:
Cheibriados
Dithmenos
Elyvilon
Fedhas
Gozag
Hepliaklqana
Kikubaaqudgha
Makhleb
Nemelex Xobeh
Okawaru
Qazlal
Ru
Sif Muna
Trog
Uskayaw
Vehumet
Wu Jian
Xom
Yredelemnul
Zin
The Shining One
Jiyva
Lugonu


Innate Abilities, Weirdness & Mutations

You are amphibious.
You cover ground slowly.
You can hop short distances.
You have an extended range of vision and can be seen from far away.


Message History

The wraith hits you but does no damage. The wraith closely misses you.
Unknown command.
You slash the wraith! You burn the wraith.
The wraith is almost destroyed.
The howler monkey hoots and howls with incredible vigour!
The wraith hits you. The wraith drains your vigour!
You feel yourself slow down.
Unknown command.
You barely miss the wraith.
The wraith is almost destroyed.
The wraith hits you! The wraith drains your vigour!
You feel as though you will be slow longer.
Unknown command.
You hit the wraith but do no damage.
The wraith is almost destroyed.
The wraith barely misses you. The wraith hits you but does no damage.
You hit the wraith but do no damage.
The wraith is almost destroyed.
You block the wraith's attack. The wraith hits you but does no damage.
You hit the wraith but do no damage.
The wraith is almost destroyed.
The wraith hits you.
The howler monkey hoots and howls with incredible vigour!
You block the wraith's attack.
You hear an angry hiss.
You hit the wraith. You burn the wraith.
You destroy the wraith!
Cheibriados thoroughly appreciates the change of pace.
You can now bend time to slow others.
Cheibriados raises the support of your attributes as your movement slows. x2
Your Fighting skill increases to level 7!
Your Armour skill increases to level 7!
Your Dodging skill increases to level 5!
Your Invocations skill gained 2 levels and is now at level 4!
You have reached level 6!
You hit the two-headed ogre. You burn the two-headed ogre.
The two-headed ogre is lightly wounded.
The two-headed ogre misses you.
The two-headed ogre hits you with a +0 giant club!!
You die...

▓+▓
▓.▓
▓.▓
▓h▓
▓.▓
▓D▓
▓z▓
▓O▓
▓@▓
▓.▓
▓[▓
▓.▓
▓.▓
▓.▓
▓)▓
▓.▓
▓.▓


You could see a two-headed ogre, an acid dragon, a howler monkey (catching
breath) and a wight.

Vanquished Creatures
  A wraith (D)
  A centaur (D)
  A phantom (D)
  A gnoll (D)
  A shadow imp (D)
  An orc (D)
  3 endoplasms (D)
  A hobgoblin (D)
  A quokka (D)
  A rat (D)
12 creatures vanquished.

Notes
Turn   | Place    | Note
-------+----------+-------------------------------------------
     0 | D        | Groucho the Barachi Fighter began the quest for the Orb.
     0 | D        | Reached XP level 1. HP: 18/18 MP: 1/1
     6 | D        | Reached skill level 1 in Dodging
   438 | D        | Noticed a phantom
   440 | D        | Reached XP level 2. HP: 19/25 MP: 2/2
   466 | D        | Killed a phantom
   467 | D        | Reached skill level 5 in Fighting
   467 | D        | Reached skill level 5 in Long Blades
   467 | D        | Reached skill level 5 in Armour
   467 | D        | Reached skill level 5 in Shields
   467 | D        | Reached XP level 3. HP: 7/34 MP: 3/3
   467 | D        | Reached XP level 4. HP: 8/40 MP: 4/4
   846 | D        | Found a snail-covered altar of Cheibriados.
   846 | D        | Found a shadowy altar of Dithmenos.
   846 | D        | Found a white marble altar of Elyvilon.
   846 | D        | Found a blossoming altar of Fedhas.
   846 | D        | Found an opulent altar of Gozag.
   846 | D        | Found a hazy altar of Hepliaklqana.
   847 | D        | Found a viscous altar of Jiyva.
   848 | D        | Found an ancient bone altar of Kikubaaqudgha.
   849 | D        | Found a corrupted altar of Lugonu.
   850 | D        | Found a burning altar of Makhleb.
   851 | D        | Found a sparkling altar of Nemelex Xobeh.
   852 | D        | Found an iron altar of Okawaru.
   853 | D        | Found a stormy altar of Qazlal.
   854 | D        | Found a sacrificial altar of Ru.
   855 | D        | Found a shimmering blue altar of Sif Muna.
   856 | D        | Found a bloodstained altar of Trog.
   857 | D        | Found a hide-covered altar of Uskayaw.
   858 | D        | Found a radiant altar of Vehumet.
   859 | D        | Found an ornate altar of the Wu Jian Council.
   860 | D        | Found a shimmering altar of Xom.
   861 | D        | Found a basalt altar of Yredelemnul.
   862 | D        | Found a glowing silver altar of Zin.
   863 | D        | Found a glowing golden altar of the Shining One.
   888 | D        | Became a worshipper of Cheibriados the Contemplative
   955 | D        | Noticed an acid dragon
   955 | D        | Noticed a two-headed ogre
   955 | D        | Noticed a wraith
   955 | D        | Noticed a centaur
   959 | D        | Killed a centaur
   960 | D        | Reached XP level 5. HP: 43/47 MP: 4/6
   972 | D        | Killed a wraith
   972 | D        | Reached * piety under Cheibriados
   973 | D        | Reached skill level 5 in Dodging
   973 | D        | Reached XP level 6. HP: 25/55 MP: 5/9
   973 | D        | Slain by a two-headed ogre

Illustrated notes

Levels and vault maps discovered:
D:        linesprint [early_d, line_temple, items_1, d_10, items_2, lair_1,
          lair_end, items_3, orc_1, orc_end, items_4, d_15, swamp_1, shoals_1,
          snake_1, spider_1, d_20, vaults_1, items_5, swamp_end, shoals_end,
          snake_end, spider_end, vaults_end, d_27, items_6, zot_1, zot_end,
          crypt_end, forest_end, elf_end, slime_end, tomb_end, abyss_end,
          pan_hell_end]

Skill      XL: |  1  2  3  4  5 |
---------------+----------------+-----
Dodging        | 1 3 4 5 |  5.6
Fighting       | 4 5 6 7 |  7.3
Armour         | 4 5 6 7 |  7.4
Long Blades    | 3 5 6 |  6.8
Shields        | 5 6 |  6.8
Invocations    | 2 4 |  4.4

Action                   |  1- 3 |  4- 6 || total
-------------------------+-------+-------++-------
Melee: Long sword        |    36 |     3 ||    39
       Scimitar          |       |    18 ||    18
  Use: Potion            |     1 |     1 ||     2
Armor: Scale mail        |    11 |    12 ||    23
Dodge: Dodged            |    11 |    11 ||    22
Block: Buckler           |     4 |     2 ||     6
